General information
			
			
        
        - name: BNet
 
        - type: Ladder team game (AT/RT)
 
        - host: Battle.net
 
        - saver: Thanks4Smallpox
 
        
map: Friends 
        - players: 8
 
        - length: 39:01
 
        - speed: Fast
 - version: 1.22 W3XP
 - replay type:  Public
 
» download(256 KB)
Players
        team 1 (loser) 
              
              
kenduguay (
teal | 21 APM | 805 actions | 38:54)
              
 8 Mountain King 
 3 Storm Bolt
 3 Thunder Clap
 1 Avatar
 1 Bash
 
                » actions 
                
                | Assign group hotkey | 7 |  | 
| Basic commands | 6 |  | 
| Build / train | 73 |  | 
| Enter build submenu | 14 |  | 
| Enter hero's abilities submenu | 7 |  | 
| Give item / drop item | 1 |  | 
| Remove unit from queue | 1 |  | 
| Right click | 331 |  | 
| Select / deselect | 275 |  | 
| Select group hotkey | 11 |  | 
| Use ability | 79 |  | 
                805 total
 » units 
                
                | Peasant | 6 |  | 
| Rifleman | 12 |  | 
| Gryphon Rider | 22 |  | 
                40 total
 » upgrades
                
                | Masonry | 3 |  | 
| Long Rifles | 1 |  | 
| Gunpowder | 3 |  | 
| Armor | 3 |  | 
| Lumber Harvesting | 2 |  | 
| Storm Hammers | 1 |  | 
| Animal War Training | 1 |  | 
                14 total
 » buildings
                
                | Altar of Kings | 1 |  | 
| Barracks | 1 |  | 
| Farm | 16 |  | 
| Blacksmith | 1 |  | 
| Lumber Mill | 1 |  | 
| Arcane Vault | 1 |  | 
| Keep | 1 |  | 
| Castle | 1 |  | 
| Gryphon Aviary | 4 |  | 
                27 total
 » build order
                00:10 Altar of Kings
00:14 Barracks
00:19 Farm
00:20 Farm
01:42 Blacksmith
02:44 Farm
02:47 Farm
04:03 Lumber Mill
04:15 Arcane Vault
05:15 Keep
06:21 Farm
06:22 Farm
06:23 Farm
06:25 Farm
06:26 Farm
10:12 Castle
17:59 Gryphon Aviary
18:04 Gryphon Aviary
18:09 Gryphon Aviary
18:14 Gryphon Aviary
24:37 Farm
24:39 Farm
24:40 Farm
24:41 Farm
24:43 Farm
24:45 Farm
24:47 Farm
» items
                
                | Scroll of Regeneration | 2 |  | 
| Health Stone | 1 |  | 
| Scroll of Town Portal | 2 |  | 
| Orb of Fire | 2 |  | 
                7 total
  
               
              
              
Thanks4Smallpox (
orange | 31 APM | 1219 actions | 39:01)
              
                » actions 
                
                | Build / train | 15 |  | 
| ESC pressed | 7 |  | 
| Enter build submenu | 197 |  | 
| Right click | 559 |  | 
| Select / deselect | 269 |  | 
| Use ability | 172 |  | 
                1219 total
 » units 
                » buildings
                
                | Moon Well | 153 |  | 
| Tree of Life | 1 |  | 
                154 total
 » build order
                00:53 Moon Well
00:55 Moon Well
01:03 Moon Well
01:04 Moon Well
01:27 Moon Well
01:31 Moon Well
01:35 Moon Well
02:33 Moon Well
03:04 Moon Well
03:04 Moon Well
03:22 Moon Well
03:57 Moon Well
04:01 Moon Well
04:04 Moon Well
04:07 Moon Well
04:16 Moon Well
04:45 Moon Well
04:51 Moon Well
05:13 Moon Well
05:31 Moon Well
05:49 Moon Well
06:08 Moon Well
06:25 Moon Well
06:45 Moon Well
06:46 Moon Well
07:05 Moon Well
07:20 Moon Well
07:28 Moon Well
07:49 Moon Well
08:03 Moon Well
08:06 Moon Well
08:17 Moon Well
08:22 Moon Well
08:52 Moon Well
08:54 Moon Well
09:00 Moon Well
09:15 Moon Well
09:27 Moon Well
09:45 Moon Well
10:06 Moon Well
10:15 Moon Well
10:33 Moon Well
10:51 Moon Well
10:53 Moon Well
11:12 Moon Well
11:33 Moon Well
11:47 Moon Well
11:49 Moon Well
12:07 Moon Well
12:21 Moon Well
12:42 Moon Well
13:16 Moon Well
13:36 Moon Well
13:48 Moon Well
13:51 Moon Well
13:54 Moon Well
14:13 Moon Well
14:31 Moon Well
14:47 Moon Well
14:51 Moon Well
14:54 Moon Well
15:07 Moon Well
15:27 Moon Well
15:46 Moon Well
15:49 Moon Well
16:01 Moon Well
16:02 Moon Well
16:04 Moon Well
16:19 Moon Well
16:33 Moon Well
16:51 Moon Well
17:13 Moon Well
17:30 Moon Well
18:04 Moon Well
18:14 Moon Well
18:21 Moon Well
18:43 Moon Well
19:02 Moon Well
19:06 Moon Well
20:19 Moon Well
20:21 Moon Well
20:36 Moon Well
21:19 Moon Well
21:21 Moon Well
21:36 Moon Well
21:38 Moon Well
21:42 Moon Well
21:46 Moon Well
22:15 Moon Well
22:16 Moon Well
22:38 Moon Well
22:41 Moon Well
23:34 Moon Well
23:37 Moon Well
23:45 Moon Well
23:51 Moon Well
24:16 Moon Well
24:20 Moon Well
24:22 Moon Well
24:28 Moon Well
25:16 Moon Well
25:25 Moon Well
26:00 Moon Well
26:22 Moon Well
26:59 Moon Well
27:15 Moon Well
27:25 Moon Well
27:36 Moon Well
27:48 Moon Well
28:00 Moon Well
28:03 Moon Well
28:07 Moon Well
28:22 Moon Well
28:32 Moon Well
28:56 Moon Well
29:03 Moon Well
29:08 Moon Well
29:20 Moon Well
29:32 Moon Well
29:44 Moon Well
29:58 Moon Well
30:03 Moon Well
30:20 Moon Well
30:43 Moon Well
30:48 Moon Well
30:54 Moon Well
31:08 Moon Well
31:48 Moon Well
31:50 Moon Well
32:02 Moon Well
32:27 Moon Well
32:43 Moon Well
32:46 Moon Well
33:03 Moon Well
33:23 Moon Well
33:52 Moon Well
33:53 Moon Well
34:01 Moon Well
34:08 Moon Well
34:10 Moon Well
34:29 Moon Well
34:52 Moon Well
35:04 Moon Well
35:09 Moon Well
35:27 Moon Well
35:59 Tree of Life
36:35 Moon Well
36:47 Moon Well
37:37 Moon Well
37:39 Moon Well
38:35 Moon Well
38:35 Moon Well
38:55 Moon Well
38:57 Moon Well
 
               
              
              
» 
jmatthunter69 (
blue | 26 APM | 1004 actions | 38:11)
              
 4 Paladin 
 1 Divine Shield
 1 Holy Light
 2 Devotion Aura
 
                » actions 
                
                | Assign group hotkey | 30 |  | 
| Basic commands | 42 |  | 
| Build / train | 112 |  | 
| Enter build submenu | 19 |  | 
| Enter hero's abilities submenu | 4 |  | 
| Right click | 445 |  | 
| Select / deselect | 230 |  | 
| Select group hotkey | 92 |  | 
| Use ability | 30 |  | 
                1004 total
 » units 
                
                | Peasant | 12 |  | 
| Rifleman | 29 |  | 
| Mortar Team | 6 |  | 
| Knight | 8 |  | 
| Siege Engine | 12 |  | 
| Gryphon Rider | 29 |  | 
                96 total
 » upgrades
                
                | Long Rifles | 1 |  | 
| Gunpowder | 2 |  | 
| Armor | 2 |  | 
| Barrage | 1 |  | 
| Animal War Training | 1 |  | 
| Storm Hammers | 1 |  | 
| Swords | 1 |  | 
                9 total
 » buildings
                
                | Barracks | 1 |  | 
| Altar of Kings | 1 |  | 
| Farm | 13 |  | 
| Lumber Mill | 2 |  | 
| Blacksmith | 1 |  | 
| Arcane Vault | 1 |  | 
| Keep | 1 |  | 
| Castle | 1 |  | 
| Workshop | 1 |  | 
| Gryphon Aviary | 2 |  | 
                24 total
 » build order
                00:16 Barracks
00:21 Altar of Kings
00:25 Farm
00:54 Farm
01:53 Lumber Mill
02:20 Farm
02:39 Blacksmith
03:05 Arcane Vault
03:30 Farm
03:50 Keep
04:24 Farm
05:36 Farm
08:32 Farm
09:25 Castle
10:00 Farm
11:33 Farm
11:40 Workshop
19:56 Farm
19:57 Farm
19:58 Farm
19:58 Farm
22:58 Gryphon Aviary
23:01 Gryphon Aviary
24:04 Lumber Mill
 
               
              
              
» 
M.Tabarnouche (
pink | 34 APM | 1328 actions | 38:30)
              
 3 Blood Mage 
 2 Flame Strike
 1 Siphon Mana
 
                » actions 
                
                | Assign group hotkey | 2 |  | 
| Basic commands | 1 |  | 
| Build / train | 97 |  | 
| Enter build submenu | 33 |  | 
| Enter hero's abilities submenu | 3 |  | 
| Remove unit from queue | 3 |  | 
| Right click | 633 |  | 
| Select / deselect | 504 |  | 
| Select group hotkey | 3 |  | 
| Use ability | 48 |  | 
                1328 total
 » units 
                
                | Peasant | 20 |  | 
| Rifleman | 5 |  | 
| Mortar Team | 17 |  | 
| Sorceress | 3 |  | 
| Siege Engine | 12 |  | 
| Gryphon Rider | 14 |  | 
                71 total
 » upgrades
                
                | Gunpowder | 3 |  | 
| Fragmentation Shards | 1 |  | 
| Sorceress Training | 1 |  | 
| Flare | 1 |  | 
| Masonry | 1 |  | 
| Plating | 3 |  | 
| Barrage | 0 |  | 
| Lumber Harvesting | 1 |  | 
| Armor | 0 |  | 
| Animal War Training | 1 |  | 
| Swords | 2 |  | 
| Storm Hammers | 1 |  | 
                15 total
 » buildings
                
                | Altar of Kings | 1 |  | 
| Farm | 14 |  | 
| Barracks | 1 |  | 
| Blacksmith | 1 |  | 
| Scout Tower | 2 |  | 
| Arcane Vault | 1 |  | 
| Keep | 1 |  | 
| Lumber Mill | 6 |  | 
| Workshop | 3 |  | 
| Guard Tower | 2 |  | 
| Castle | 1 |  | 
| Arcane Sanctum | 1 |  | 
| Gryphon Aviary | 3 |  | 
                37 total
 » build order
                00:14 Altar of Kings
00:25 Farm
00:41 Barracks
01:04 Farm
01:41 Farm
02:05 Blacksmith
02:19 Farm
02:55 Scout Tower
03:19 Arcane Vault
03:28 Farm
03:38 Farm
04:52 Keep
05:09 Lumber Mill
05:25 Scout Tower
05:54 Farm
06:21 Farm
07:17 Workshop
08:30 Guard Tower
08:32 Guard Tower
08:33 Castle
08:38 Workshop
08:40 Workshop
09:41 Lumber Mill
11:36 Arcane Sanctum
27:43 Gryphon Aviary
27:44 Gryphon Aviary
28:41 Lumber Mill
29:14 Lumber Mill
30:36 Farm
30:37 Farm
30:38 Farm
30:40 Farm
30:41 Farm
30:42 Farm
33:13 Gryphon Aviary
34:48 Lumber Mill
35:51 Lumber Mill
 
               team 2 (winner) 
              
              
ThanksForTowers (
green | 91 APM | 3535 actions | 39:01)
              
 4 Archmage 
 2 Blizzard
 2 Brilliance Aura
 4 Mountain King 
 2 Storm Bolt
 2 Bash
 4 Paladin 
 2 Holy Light
 1 Divine Shield
 1 Devotion Aura
 
                » actions 
                
                | Assign group hotkey | 6 |  | 
| Basic commands | 29 |  | 
| Build / train | 132 |  | 
| Enter build submenu | 58 |  | 
| Enter hero's abilities submenu | 12 |  | 
| Give item / drop item | 9 |  | 
| Remove unit from queue | 1 |  | 
| Right click | 2115 |  | 
| Select / deselect | 479 |  | 
| Select group hotkey | 485 |  | 
| Use ability | 208 |  | 
                3535 total
 » units 
                
                | Peasant | 27 |  | 
| Priest | 5 |  | 
| Sorceress | 1 |  | 
| Goblin Zeppelin | 1 |  | 
| Goblin Shredder | 1 |  | 
                35 total
 » upgrades
                
                | Masonry | 3 |  | 
| Magic Sentry | 1 |  | 
| Lumber Harvesting | 2 |  | 
| Priest Training | 2 |  | 
| Backpack | 1 |  | 
| Sorceress Training | 2 |  | 
                11 total
 » buildings
                
                | Lumber Mill | 1 |  | 
| Altar of Kings | 1 |  | 
| Farm | 6 |  | 
| Scout Tower | 79 |  | 
| Guard Tower | 29 |  | 
| Keep | 1 |  | 
| Arcane Tower | 4 |  | 
| Arcane Sanctum | 1 |  | 
| Castle | 1 |  | 
| Arcane Vault | 7 |  | 
| Town Hall | 1 |  | 
                131 total
 » build order
                00:32 Lumber Mill
00:41 Altar of Kings
01:28 Farm
01:54 Scout Tower
02:35 Guard Tower
02:35 Guard Tower
02:40 Scout Tower
03:02 Farm
03:04 Scout Tower
04:08 Guard Tower
04:13 Guard Tower
04:14 Scout Tower
04:16 Scout Tower
04:33 Keep
04:37 Scout Tower
05:22 Guard Tower
05:24 Scout Tower
05:34 Scout Tower
05:38 Scout Tower
05:40 Scout Tower
05:40 Scout Tower
06:12 Arcane Tower
06:41 Guard Tower
06:42 Scout Tower
06:43 Scout Tower
06:44 Scout Tower
06:50 Guard Tower
06:51 Scout Tower
06:52 Scout Tower
07:07 Guard Tower
07:09 Scout Tower
07:13 Scout Tower
07:36 Arcane Sanctum
08:13 Guard Tower
08:58 Guard Tower
09:14 Guard Tower
09:54 Farm
10:17 Scout Tower
10:18 Scout Tower
10:20 Scout Tower
10:24 Farm
10:37 Scout Tower
10:38 Scout Tower
10:53 Castle
10:57 Farm
10:59 Guard Tower
11:06 Guard Tower
11:21 Arcane Vault
11:21 Arcane Vault
11:25 Arcane Vault
11:29 Arcane Vault
11:37 Arcane Vault
11:39 Arcane Vault
11:42 Guard Tower
11:46 Scout Tower
11:48 Scout Tower
11:54 Guard Tower
12:57 Guard Tower
13:08 Scout Tower
13:09 Scout Tower
13:50 Arcane Vault
14:21 Arcane Tower
14:23 Arcane Tower
14:59 Town Hall
15:09 Scout Tower
15:11 Scout Tower
15:12 Scout Tower
16:12 Guard Tower
17:24 Guard Tower
17:40 Scout Tower
17:40 Scout Tower
17:41 Scout Tower
17:42 Scout Tower
17:43 Scout Tower
17:44 Scout Tower
17:44 Scout Tower
17:44 Scout Tower
17:58 Scout Tower
17:59 Scout Tower
18:00 Scout Tower
18:00 Scout Tower
18:01 Scout Tower
18:01 Scout Tower
18:23 Arcane Tower
18:36 Guard Tower
19:57 Guard Tower
20:28 Scout Tower
20:29 Scout Tower
20:30 Scout Tower
20:30 Scout Tower
21:49 Guard Tower
22:35 Guard Tower
25:45 Scout Tower
25:46 Scout Tower
25:46 Scout Tower
25:46 Scout Tower
25:47 Scout Tower
25:48 Scout Tower
25:48 Scout Tower
25:49 Scout Tower
25:51 Scout Tower
25:51 Scout Tower
25:52 Scout Tower
25:53 Scout Tower
25:53 Scout Tower
25:54 Scout Tower
26:18 Guard Tower
26:59 Guard Tower
29:41 Guard Tower
29:57 Scout Tower
29:58 Scout Tower
29:59 Scout Tower
30:00 Scout Tower
30:01 Scout Tower
30:02 Scout Tower
30:02 Scout Tower
30:03 Scout Tower
31:00 Guard Tower
31:03 Scout Tower
31:04 Scout Tower
31:05 Scout Tower
31:07 Guard Tower
31:10 Scout Tower
31:11 Scout Tower
31:12 Scout Tower
31:13 Scout Tower
31:13 Scout Tower
32:06 Guard Tower
32:35 Guard Tower
38:38 Farm
» items
                
                | Staff of Sanctuary | 5 |  | 
| Orb of Lightning | 2 |  | 
| Inferno Stone | 1 |  | 
| Lesser Clarity Potion | 3 |  | 
| Potion of Mana | 1 |  | 
| Scroll of Resurrection | 1 |  | 
| Mana Stone | 4 |  | 
| Runed Bracers | 1 |  | 
| Potion of Divinity | 2 |  | 
| Sobi Mask | 1 |  | 
| Scroll of Town Portal | 1 |  | 
                22 total
  
               
              
              
GobbleGobblePOW (
purple | 94 APM | 3652 actions | 39:01)
              
 6 Blademaster 
 3 Wind Walk
 2 Critical Strike
 1 Bladestorm
 4 Shadow Hunter 
 2 Healing Wave
 2 Hex
 2 Tauren Chieftain 
 1 War Stomp
 1 Endurance Aura
 
                » actions 
                
                | Assign group hotkey | 225 |  | 
| Basic commands | 54 |  | 
| Build / train | 122 |  | 
| Enter build submenu | 60 |  | 
| Enter hero's abilities submenu | 12 |  | 
| Give item / drop item | 7 |  | 
| Remove unit from queue | 4 |  | 
| Right click | 2020 |  | 
| Select / deselect | 564 |  | 
| Select group hotkey | 318 |  | 
| Use ability | 264 |  | 
                3652 total
 » units 
                
                | Peon | 34 |  | 
| Grunt | 4 |  | 
| Shaman | 2 |  | 
| Troll Witch Doctor | 1 |  | 
| Goblin Zeppelin | 1 |  | 
                42 total
 » upgrades
                
                | Armor | 2 |  | 
| Melee Weapons | 2 |  | 
| Shaman Training | 2 |  | 
| Witch Doctor Training | 2 |  | 
| Pulverize | 1 |  | 
| Spirit Walker Training | 2 |  | 
| Reinforced Defenses | 1 |  | 
                12 total
 » buildings
                
                | Altar of Storms | 3 |  | 
| Orc Burrow | 5 |  | 
| Barracks | 1 |  | 
| War Mill | 1 |  | 
| Great Hall | 2 |  | 
| Voodoo Lounge | 3 |  | 
| Watch Tower | 29 |  | 
| Stronghold | 3 |  | 
| Fortress | 2 |  | 
| Spirit Lodge | 2 |  | 
| Tauren Totem | 2 |  | 
| Beastiary | 4 |  | 
                57 total
 » build order
                00:02 Altar of Storms
00:11 Orc Burrow
00:40 Barracks
04:27 Orc Burrow
05:06 War Mill
07:01 Great Hall
07:07 Voodoo Lounge
07:16 Watch Tower
09:26 Stronghold
09:27 Stronghold
09:29 Watch Tower
09:32 Watch Tower
10:27 Watch Tower
10:29 Watch Tower
10:30 Watch Tower
10:57 Watch Tower
11:16 Orc Burrow
12:12 Watch Tower
12:13 Watch Tower
12:13 Watch Tower
16:05 Great Hall
16:09 Altar of Storms
16:15 Orc Burrow
16:16 Watch Tower
16:17 Watch Tower
16:19 Watch Tower
16:20 Watch Tower
16:21 Watch Tower
16:22 Watch Tower
17:14 Fortress
17:14 Fortress
17:47 Watch Tower
17:47 Watch Tower
17:48 Watch Tower
18:24 Spirit Lodge
18:26 Spirit Lodge
18:44 Orc Burrow
18:53 Watch Tower
18:54 Watch Tower
18:55 Watch Tower
18:56 Watch Tower
19:55 Tauren Totem
19:55 Tauren Totem
21:33 Watch Tower
21:35 Watch Tower
21:36 Watch Tower
21:36 Watch Tower
21:59 Voodoo Lounge
22:05 Watch Tower
25:35 Voodoo Lounge
28:52 Watch Tower
35:34 Altar of Storms
36:27 Beastiary
36:29 Beastiary
36:31 Beastiary
36:32 Beastiary
» items
                
                | Healing Salve | 3 |  | 
| Lesser Clarity Potion | 3 |  | 
| Scroll of Speed | 3 |  | 
| Potion of Healing | 3 |  | 
| Demonic Figurine | 1 |  | 
| Sobi Mask | 2 |  | 
| Robe of the Magi +6 | 1 |  | 
| Scourge Bone Chimes | 1 |  | 
| Mana Stone | 2 |  | 
| Boots of Quel'Thalas +6 | 1 |  | 
| Book of the Dead | 1 |  | 
| Orb of Lightning | 2 |  | 
| Inferno Stone | 1 |  | 
| Scroll of Town Portal | 1 |  | 
                25 total
  
               
              
              
GavinradsGravy (
yellow | 92 APM | 3575 actions | 39:01)
              
 6 Paladin 
 3 Holy Light
 3 Divine Shield
 5 Mountain King 
 3 Storm Bolt
 2 Bash
 6 Pandaren Brewmaster 
 3 Breath of Fire
 2 Drunken Haze
 1 Storm Earth and Fire
 
                » actions 
                
                | Assign group hotkey | 23 |  | 
| Basic commands | 118 |  | 
| Build / train | 182 |  | 
| ESC pressed | 8 |  | 
| Enter build submenu | 81 |  | 
| Enter hero's abilities submenu | 19 |  | 
| Give item / drop item | 14 |  | 
| Right click | 1345 |  | 
| Select / deselect | 547 |  | 
| Select group hotkey | 897 |  | 
| Use ability | 341 |  | 
                3575 total
 » units 
                
                | Peasant | 33 |  | 
| Goblin Zeppelin | 4 |  | 
| Goblin Shredder | 2 |  | 
| Sorceress | 2 |  | 
| Priest | 4 |  | 
                45 total
 » upgrades
                
                | Masonry | 3 |  | 
| Magic Sentry | 1 |  | 
| Priest Training | 3 |  | 
| Sorceress Training | 3 |  | 
                10 total
 » buildings
                
                | Altar of Kings | 1 |  | 
| Farm | 5 |  | 
| Lumber Mill | 1 |  | 
| Scout Tower | 98 |  | 
| Guard Tower | 52 |  | 
| Arcane Tower | 1 |  | 
| Keep | 2 |  | 
| Castle | 3 |  | 
| Arcane Sanctum | 1 |  | 
| Town Hall | 1 |  | 
| Arcane Vault | 2 |  | 
                167 total
 » build order
                00:10 Altar of Kings
00:25 Farm
01:03 Lumber Mill
01:13 Farm
01:16 Scout Tower
02:26 Guard Tower
02:26 Guard Tower
02:27 Guard Tower
02:40 Scout Tower
02:42 Scout Tower
02:44 Scout Tower
03:05 Farm
03:09 Scout Tower
03:11 Scout Tower
03:15 Scout Tower
03:16 Arcane Tower
03:52 Scout Tower
03:53 Scout Tower
03:54 Guard Tower
04:09 Guard Tower
04:09 Guard Tower
04:11 Scout Tower
04:14 Scout Tower
04:19 Scout Tower
04:20 Scout Tower
04:50 Guard Tower
04:56 Guard Tower
04:56 Guard Tower
04:57 Guard Tower
05:39 Keep
05:50 Scout Tower
05:51 Scout Tower
05:53 Guard Tower
05:53 Guard Tower
06:23 Scout Tower
06:23 Scout Tower
06:26 Scout Tower
06:27 Scout Tower
06:29 Guard Tower
07:14 Scout Tower
07:15 Scout Tower
07:16 Scout Tower
07:17 Scout Tower
08:07 Castle
08:08 Castle
08:08 Castle
09:26 Guard Tower
09:32 Farm
09:44 Scout Tower
09:44 Scout Tower
09:51 Scout Tower
09:52 Scout Tower
09:53 Scout Tower
10:23 Farm
10:28 Guard Tower
10:32 Arcane Sanctum
10:37 Guard Tower
10:48 Scout Tower
10:48 Scout Tower
10:49 Guard Tower
10:50 Guard Tower
10:50 Guard Tower
10:52 Scout Tower
11:34 Scout Tower
11:35 Scout Tower
11:36 Scout Tower
11:36 Scout Tower
11:37 Guard Tower
11:41 Scout Tower
11:42 Scout Tower
11:42 Scout Tower
11:43 Scout Tower
12:37 Guard Tower
12:37 Guard Tower
12:39 Scout Tower
12:40 Scout Tower
12:40 Scout Tower
12:41 Scout Tower
12:42 Scout Tower
12:42 Scout Tower
12:42 Scout Tower
12:59 Scout Tower
13:43 Guard Tower
15:25 Scout Tower
15:26 Scout Tower
15:59 Scout Tower
16:00 Scout Tower
16:00 Scout Tower
16:44 Town Hall
17:54 Guard Tower
17:59 Scout Tower
18:00 Scout Tower
18:00 Scout Tower
18:08 Guard Tower
18:11 Scout Tower
18:12 Scout Tower
18:12 Scout Tower
18:14 Scout Tower
18:39 Guard Tower
20:03 Guard Tower
20:05 Scout Tower
20:06 Scout Tower
21:40 Guard Tower
22:33 Scout Tower
22:33 Scout Tower
22:34 Scout Tower
23:37 Scout Tower
23:37 Scout Tower
23:37 Scout Tower
23:38 Scout Tower
23:38 Scout Tower
23:40 Guard Tower
24:04 Arcane Vault
24:05 Arcane Vault
29:52 Guard Tower
30:12 Scout Tower
30:13 Scout Tower
30:14 Scout Tower
30:15 Scout Tower
30:16 Scout Tower
30:16 Scout Tower
30:17 Scout Tower
30:19 Scout Tower
30:19 Scout Tower
30:20 Scout Tower
31:04 Guard Tower
31:04 Guard Tower
31:08 Guard Tower
31:08 Guard Tower
32:06 Guard Tower
33:03 Guard Tower
33:04 Scout Tower
33:05 Scout Tower
33:05 Scout Tower
33:06 Scout Tower
33:06 Scout Tower
34:12 Guard Tower
34:13 Scout Tower
34:14 Scout Tower
34:55 Guard Tower
35:07 Scout Tower
35:07 Scout Tower
35:07 Scout Tower
35:08 Scout Tower
35:08 Scout Tower
35:09 Scout Tower
35:23 Scout Tower
35:23 Scout Tower
35:24 Scout Tower
35:25 Scout Tower
35:26 Scout Tower
35:26 Scout Tower
36:08 Guard Tower
36:08 Guard Tower
38:08 Guard Tower
» items
                
                | Healing Salve | 6 |  | 
| Lesser Clarity Potion | 6 |  | 
| Scroll of Speed | 6 |  | 
| Potion of Healing | 3 |  | 
| Potion of Mana | 3 |  | 
| Scroll of Town Portal | 5 |  | 
| Amulet of the Wild | 2 |  | 
| Orb of Lightning | 3 |  | 
| Staff of Sanctuary | 3 |  | 
| Stone Token | 2 |  | 
| Sobi Mask | 2 |  | 
| Ice Shard | 1 |  | 
| Scourge Bone Chimes | 1 |  | 
                43 total
  
               
              
              
200goldOrBS (
red | 40 APM | 405 actions | 10:05)
              
 1 Archmage 
 1 Blizzard
 
                » actions 
                
                | Basic commands | 89 |  | 
| Build / train | 19 |  | 
| ESC pressed | 1 |  | 
| Enter build submenu | 4 |  | 
| Enter hero's abilities submenu | 1 |  | 
| Right click | 156 |  | 
| Select / deselect | 103 |  | 
| Use ability | 32 |  | 
                405 total
 » units 
                » buildings
                » build order
                00:07 Altar of Kings
00:13 Farm
00:59 Farm
 
                Chat log
          (00:17 / Allies) M.Tabarnouche: lol 4 lvl 1
(00:35 / Allies) M.Tabarnouche: rush?
(00:40 / Allies) jmatthunter69: cc
(00:46 / Allies) M.Tabarnouche: kay
(00:49 / All) 200goldOrBS: gg
(00:56 / All) M.Tabarnouche: lol?
(01:02 / Allies) jmatthunter69: rifle knights
(01:08 / All) 200goldOrBS: let this be lesson to all
(01:11 / All) 200goldOrBS: to share gold
(01:24 / Allies) jmatthunter69: look at his name
(01:32 / Allies) M.Tabarnouche: yea
(01:46 / Allies) jmatthunter69: i hate bsers
(01:50 / Allies) M.Tabarnouche: same
(04:30 / Allies) jmatthunter69: oj what ya doin
(04:33 / Allies) kenduguay: puting your wisp there is not the best
(04:53 / Allies) jmatthunter69: thx
(04:56 / Allies) Thanks4Smallpox: gonna make u guys wells.
(05:03 / Allies) jmatthunter69: kool
(06:53 / Allies) M.Tabarnouche: ill go morts
(08:54 / All) ThanksForTowers: LMAO
(09:06 / All) ThanksForTowers: bye shitbit
(09:19 / Allies) M.Tabarnouche: oj
(09:27 / Allies) M.Tabarnouche: cancel
(10:44 / All) ThanksForTowers: gg
(11:49 / Allies) jmatthunter69: lets attack
(11:57 / Allies) M.Tabarnouche: sec
(12:01 / Allies) Thanks4Smallpox: can u creep a expo
(12:20 / Allies) M.Tabarnouche: we will creep their base
(12:21 / Allies) M.Tabarnouche: lol
(12:30 / Allies) Thanks4Smallpox: who yall gonanan hiot
(13:03 / Allies) M.Tabarnouche: wait
(14:36 / Allies) M.Tabarnouche: dont attack towers
(15:14 / Allies) M.Tabarnouche: teal why didnt u come :(
(18:54 / Allies) M.Tabarnouche: teal
(18:58 / Allies) M.Tabarnouche: attack 
(19:22 / All) Thanks4Smallpox: NOOOO
(19:26 / All) Thanks4Smallpox: dopnt disc please!!!
(19:51 / Allies) kenduguay: i'll protect you pink
(22:44 / Allies) M.Tabarnouche: oj we need u
(22:49 / Allies) Thanks4Smallpox: huh
(24:27 / Allies) kenduguay: attack something
(25:33 / Allies) Thanks4Smallpox: hey stop killing my well
(25:41 / Allies) kenduguay: there in the way :(
(25:48 / Allies) Thanks4Smallpox: \its to help u
(26:05 / Allies) Thanks4Smallpox: stop
(26:06 / Allies) Thanks4Smallpox: b ackstabber
(26:15 / All) Thanks4Smallpox: STOP BLUE STOP BACKSTAB
(26:19 / All) Thanks4Smallpox: OR I STAB U AND U LOSE!!
(26:26 / Allies) jmatthunter69: you blow leave
(26:35 / Allies) Thanks4Smallpox: fuck U!
(27:06 / All) ThanksForTowers: thanks for feed RETARD PINK
(27:11 / All) M.Tabarnouche: np
(28:22 / Allies) jmatthunter69: this is gay
(28:25 / Allies) M.Tabarnouche: oj stop building
(28:30 / Allies) M.Tabarnouche: ur not helping
(28:42 / Allies) Thanks4Smallpox: i cancel sorry
(28:45 / Allies) Thanks4Smallpox: open 
(28:52 / Allies) M.Tabarnouche: kk
(28:57 / Allies) M.Tabarnouche: build an army
(28:59 / All) ThanksForTowers: ROFL
(29:02 / Allies) M.Tabarnouche: it will be too long
(29:53 / Allies) Thanks4Smallpox: see im healing ur gryph its help.
(30:02 / Allies) kenduguay: yes i know
(30:08 / Allies) kenduguay: but some of them were in the way
(30:12 / Allies) Thanks4Smallpox: soz
(30:13 / Allies) kenduguay: and there was no way to get out :(
(31:28 / Allies) kenduguay: turn your well on auto heal orange
(32:15 / Allies) kenduguay: gather
(32:32 / Allies) kenduguay: come to me
(32:35 / Allies) kenduguay: with all you got
(32:50 / Allies) kenduguay: blue
(33:00 / Allies) kenduguay: orang pink
(33:22 / Allies) kenduguay: pink get your french ass in gear
(35:24 / Allies) jmatthunter69: ok
(35:31 / Allies) M.Tabarnouche: oj lol
(35:33 / Allies) M.Tabarnouche: dont
(35:35 / Allies) M.Tabarnouche: :(
(36:15 / All) GavinradsGravy: HI
(36:16 / Allies) M.Tabarnouche: got lumber?
(36:17 / Allies) kenduguay: dong
(36:19 / Allies) kenduguay: dont
(36:24 / All) GavinradsGravy: dont forget your thanksgiving prayer
(36:28 / All) kenduguay: the fuck is wrong with you god damn niggers
(36:32 / All) ThanksForTowers: i am thankful for towers
(36:37 / All) GobbleGobblePOW: EY
(36:38 / All) GobbleGobblePOW: EY
(36:42 / All) GobbleGobblePOW: dont like dat language round here son .
(36:44 / All) Thanks4Smallpox: am Thnakful for smallpox to own red indian.
(36:47 / All) kenduguay: your a first class fagget for so many towers
(37:07 / All) M.Tabarnouche: seriously
(37:13 / All) M.Tabarnouche: we arent playing tower defence
(38:15 / All) GavinradsGravy:  ?? ?
(38:18 / All) ThanksForTowers: john matheson hunter
(38:22 / All) kenduguay: i would rather quit
(38:25 / All) M.Tabarnouche: u guys are boring
(38:26 / All) M.Tabarnouche: bye
(38:27 / All) GavinradsGravy: good
(38:29 / All) GavinradsGravy: thats what i wanted u to do
(38:30 / All) kenduguay: then continue this game
(38:31 / All) ThanksForTowers: ownage
(38:31 / All) GavinradsGravy: hghahahhahaa'
(38:33 / All) GobbleGobblePOW: lol noobs can't even kill a couple towers
(38:34 / All) GobbleGobblePOW: 2ez . 
(38:43 / All) GavinradsGravy: our ally even backstab
(38:47 / All) GavinradsGravy: and we still win lmao
(38:49 / All) kenduguay: towering that much = small penis